 Dungeon Crawl Stone Soup version 0.26-a0-158-g66bac3cce0 (webtiles) character file.

Game seed: 7401900749679338287

63 gruber the Chopper (level 3, -1/31 HPs)
             Began as a Minotaur Fighter on July 2, 2020.
             Slain by a hobgoblin
             ... wielding a +0 club
             ... led by Robin
              (3 damage)
             ... on level 2 of the Dungeon.
             The game lasted 00:00:55 (1105 turns).

gruber the Chopper (Minotaur Fighter)               Turns: 1105, Time: 00:00:56

Health: -1/31      AC:  6    Str: 21    XL:     3   Next: 89%
Magic:  2/2        EV:  7    Int:  5    God:
Gold:   31         SH:  9    Dex:  9    Spells: 2/2 levels left

rFire    . . .     SeeInvis +   a - +0 war axe
rCold    . . .     Faith    .   c - +0 kite shield
rNeg     . . .     Spirit   .   b - +0 scale mail
rPois    .         Reflect  .   (helmet restricted)
rElec    .         Harm     .   (no cloak)
rCorr    .                      (no gloves)
MR       .....                  (no boots)
Stlth    +.........             (no amulet)
HPRegen  0.10/turn              e - ring of stealth
MPRegen  0.08/turn              j - ring of see invisible

@: mighty, lethally poisoned (-1 -> -5)
A: retaliatory headbutt, horns 2
a: no special abilities


You were on level 2 of the Dungeon.
You were not hungry.

You visited 1 branch of the dungeon, and saw 2 of its levels.

You collected 31 gold pieces.

Inventory:

Hand Weapons
 a - a +0 war axe (weapon)
Armour
 b - a +0 scale mail (worn)
 c - a +0 kite shield (worn)
Jewellery
 e - a ring of stealth (left hand)
 j - a ring of see invisible (right hand)
 q - an uncursed amulet of the acrobat {unknown}
Scrolls
 i - a scroll of immolation {unknown}
 k - a scroll of noise {unknown}
 m - a scroll of blinking {unknown}
 p - a scroll of fog {unknown}
 r - a scroll of magic mapping {unknown}
Potions
 g - a potion of brilliance {unknown}
 h - a potion of stabbing {unknown}
 l - a potion of degeneration {unknown}
 o - a potion of curing {unknown}
Comestibles
 f - a ration
 n - 8 chunks of flesh


   Skills:
 - Level 3.6 Fighting
 + Level 5.2 Axes
 - Level 3.6 Armour
 - Level 3.6 Shields


You had 2 spell levels left.
You didn't know any spells.
Your spell library was empty.

Dungeon Overview and Level Annotations

Branches:
Dungeon (2/15)

Altars:

Annotations:
D:2 Robin


Innate Abilities, Weirdness & Mutations

You reflexively headbutt those who attack you in melee.
You have a pair of horns on your head.


Message History

You block the goblin's attack. The goblin hits you but does no damage.
The adder bites you but does no damage.
Unknown command.
Unknown command.
You hit the adder.
The adder is heavily wounded.
You slash the hobgoblin!
You kill the hobgoblin!
You closely miss the goblin. You slash the goblin!
You kill the goblin!
You closely miss the goblin. You barely miss the hobgoblin.
The hobgoblin hits you with a +0 club!
* * * LOW HITPOINT WARNING * * *
The goblin completely misses you. The adder bites you.
* * * LOW HITPOINT WARNING * * *
You are poisoned.
The adder poisons you! The goblin hits you.
* * * LOW HITPOINT WARNING * * *
The hobgoblin hits you with a +0 club.
You die...

..##.................
........................
...................##....
.........................
...............#.........
...............#.........
...............#.........
.............[.#g).......
..............(#@gg..##..
......)........gSg)...g..
.........................
..)).....................
.........................
.........................
...................#.....
...................#.....
#######............#.....


You could see Robin, an adder, 2 hobgoblins and 3 goblins.

Vanquished Creatures
  A gnoll (D:1)
  An adder (D:2)
  An ooze (D:1)
  5 bats
  2 giant cockroaches (D:2)
  5 goblins
  8 hobgoblins
  A quokka (D:2)
  4 frilled lizards
  5 kobolds
  8 rats
41 creatures vanquished.

Notes
Turn   | Place    | Note
-------+----------+-------------------------------------------
     0 | D:1      | gruber the Minotaur Fighter began the quest for the Orb.
     0 | D:1      | Reached XP level 1. HP: 19/19 MP: 0/0
    97 | D:1      | Reached skill level 3 in Axes
   129 | D:1      | Reached XP level 2. HP: 26/26 MP: 1/1
   199 | D:1      | Reached skill level 4 in Axes
   436 | D:1      | Reached XP level 3. HP: 8/31 MP: 2/2
  1053 | D:2      | Reached skill level 5 in Axes
  1098 | D:2      | Noticed Robin
  1105 | D:2      | Slain by a hobgoblin

Illustrated notes

Levels and vault maps discovered:
D:1:      dpeg_arrival_rooms_with_view, layout_rooms
D:2:      layout_basic, uniq_natasha, uniq_robin

Skill      XL: |  1  2  3 |
---------------+----------+-----
Axes           | 3 4 5 |  5.2
Fighting       | |  3.6
Armour         | |  3.6
Shields        | |  3.6

Action                   || total
-------------------------++-------
Melee: War axe           ||    88
       Headbutt          ||     9
  Use: Potion            ||     1
  Eat: Chunk             ||     1
Armor: Scale mail        ||    45
Dodge: Dodged            ||    27
Block: Kite shield       ||    46

Table legend:
 A = Non-vault XP
 B = Vault XP
 C = Vault XP percentage of total XP
 D = Non-vault monster count
 E = Vault monster count
 F = Vault count percentage of total count
                 A         B        C        D         E       F
            +---------+---------+-------+---------+---------+-------
      Total |      64 |      27 |  29.7 |      33 |       8 |  19.5
            +---------+---------+-------+---------+---------+-------
        D:1 |      28 |      15 |  34.9 |      15 |       2 |  11.8
        D:2 |      36 |      12 |  25.0 |      18 |       6 |  25.0
            +---------+---------+-------+---------+---------+-------
